 Dungeon Crawl Stone Soup version 0.30-a0-782-ge64f9170bb (webtiles) character file.

Game seed: 9629239801411318110

10998 Anon1729 the Basher (level 11, -1/87 HPs)
             Began as a Minotaur Monk on Feb 21, 2023.
             Was an Elder of Hepliaklqana.
             Slain by a shadow (31 damage)
             ... on level 12 of the Dungeon.
             The game lasted 00:11:46 (9785 turns).

Anon1729 the Basher (Minotaur Monk)                 Turns: 9785, Time: 00:11:47

Health: -1/87      AC: 16    Str: 21    XL:     11   Next: 43%
Magic:  15/15      EV: 11    Int: 13    God:    Hepliaklqana [****..]
Gold:   734        SH:  5    Dex: 12    Spells: 10/10 levels left

rFire   . . .      SeeInvis .    z - +1 flail (holy)
rCold   . . .      Faith    .    (no shield)
rNeg    + . .      Spirit   .    f - +0 chain mail
rPois   .          Reflect  +    (helmet restricted)
rElec   .          Harm     .    o - +0 cloak
rCorr   .          Rampage  .    E - +1 pair of gloves
Will    .....                    d - +0 pair of boots Stlth
                                 i - amulet of reflection
HPRegen 0.34/turn                v - +6 ring of intelligence
MPRegen 0.14/turn                A - ring of positive energy

@: no status effects
A: reduced essence, horns 2, retaliatory headbutt
a: Renounce Religion, Recall Ancestor, Ancestor Identity, Transference, Idealise


You were on level 12 of the Dungeon.
You worshipped Hepliaklqana.
Hepliaklqana was greatly pleased with you.
You visited 2 branches of the dungeon, and saw 14 of its levels.

You collected 814 gold pieces.
You spent 80 gold pieces at shops.

Inventory:

Hand Weapons
 a - a +0 mace
 z - a +1 flail of holy wrath (weapon)
Missiles
 y - 2 throwing nets (quivered)
Armour
 b - a +0 robe
 d - a +0 pair of boots (worn)
 f - a +0 chain mail (worn)
 o - a +0 cloak (worn)
 E - a +1 pair of gloves (worn)
Jewellery
 i - an amulet of reflection (around neck)
 v - a +6 ring of intelligence (left hand)
 A - a ring of positive energy (right hand)
 F - a ring of wizardry
 H - an amulet of the acrobat
 R - a ring of ice
 S - a +5 ring of evasion
Wands
 D - a wand of iceblast (8)
 K - a wand of acid (7)
 M - a wand of mindburst (7)
Scrolls
 k - 6 scrolls of teleportation
 p - 3 scrolls of noise
 s - 3 scrolls of poison
 u - a scroll of blinking
 x - a scroll of acquirement {unknown}
 C - a scroll of enchant weapon {unknown}
 G - 4 scrolls of vulnerability
 I - 2 scrolls of magic mapping {unknown}
 J - 2 scrolls of enchant armour {unknown}
 O - a scroll of fear {unknown}
 P - a scroll of brand weapon
Potions
 c - 2 potions of ambrosia
 e - a potion of magic
 g - a potion of attraction {unknown}
 h - a potion of resistance
 j - 11 potions of curing {unknown}
 l - a potion of cancellation {unknown}
 m - 2 potions of heal wounds
 n - 2 potions of might {unknown}
 q - a potion of brilliance {unknown}
 t - a potion of berserk rage {unknown}
 w - 5 potions of lignification {unknown}
 B - 12 potions of degeneration
 L - a potion of haste
 N - 3 potions of flight {unknown}
Miscellaneous
 Q - a lightning rod (4/4)


   Skills:
 + Level 9.6 Fighting
 * Level 12.8 Maces & Flails
 + Level 8.7 Armour
 + Level 8.8 Dodging
 - Level 1.6 Stealth
 * Level 7.9 Invocations


You had 10 spell levels left.
You didn't know any spells.
Your spell library contained the following spells:

 Spells                   Type           Power      Damage    Failure   Level
 Necrotise                Necr           0%         1d4       91%         1
 Shock                    Conj/Air       0%         1d3       91%         1
 Lesser Beckoning         Tloc           0%         N/A       97%         2
 Static Discharge         Conj/Air       0%         2-2/arc   97%         2
 Gell's Gravitas          Tloc           0%         N/A       100%        3
 Ozocubu's Armour         Ice            0%         N/A       100%        3
 Stone Arrow              Conj/Erth      0%         3d7       100%        3
 Summon Guardian Golem    Hex/Summ       0%         N/A       100%        3
 Swiftness                Air            0%         N/A       100%        3
 Teleport Other           Tloc           0%         N/A       100%        3
 Vampiric Draining        Necr           0%         2d6       100%        3
 Vhi's Electric Charge    Tloc/Air       0%         N/A       100%        3
 Airstrike                Air            0%         2d(0-16)  100%        4
 Animate Armour           Summ/Erth      0%         N/A       100%        4
 Summon Lightning Spire   Summ/Air       0%         N/A       100%        4
 Agony                    Necr           0%         N/A       100%        5
 Arcjolt                  Conj/Air       0%         1d10      100%        5
 Lightning Bolt           Conj/Air       0%         1d11      100%        5
 Metabolic Englaciation   Hex/Ice        0%         N/A       100%        5
 Simulacrum               Ice/Necr       0%         N/A       100%        6
 Orb of Destruction       Conj           0%         9d5       100%        7
 Spellforged Servitor     Conj/Summ      0%         N/A       100%        7
 Lehudib's Crystal Spear  Conj/Erth      0%         10d2      100%        8


Dungeon Overview and Level Annotations

Branches:
Dungeon (13/15)            Temple (1/1) D:7            Lair (0/5) D:8
    Orc (0/2) D:10
 Vaults: D:13-14

Altars:
Ashenzari
Cheibriados
Dithmenos
Elyvilon
Fedhas
Gozag
Hepliaklqana
Kikubaaqudgha
Makhleb
Nemelex Xobeh
Okawaru
Qazlal
Ru
Trog
Uskayaw
Vehumet
Wu Jian
Xom
Yredelemnul
Zin
The Shining One

Shops:
D:2 *


Innate Abilities, Weirdness & Mutations

Your life essence is reduced to manifest your ancestor. (-10% HP)
You have a pair of horns on your head.
You reflexively headbutt those who attack you in melee.


Message History

Xochipepe hits the vampire mosquito with a +0 quarterstaff!!
You sock the vampire mosquito!
The vampire mosquito convulses.
Your headbutt misses the vampire mosquito.
The vampire mosquito is almost destroyed.
The vampire mosquito bites you!
The vampire mosquito draws strength from your injuries!
The vampire mosquito misses you. You furiously retaliate!
You headbutt the vampire mosquito.
The vampire mosquito barely misses Xochipepe.
The shadow hits you!
The vampire mosquito bites you but does no damage.
Xochipepe misses the vampire mosquito.
You are too injured to fight recklessly!
You are too injured to fight recklessly!
You hit the vampire mosquito.
You destroy the vampire mosquito!
The vampire mosquito barely misses you. The shadow hits you.
The vampire mosquito bites you but does no damage.
You hit the shadow.
The shadow convulses.
Your headbutt misses the shadow.
The shadow is lightly damaged.
The vampire mosquito bites you.
The vampire mosquito draws strength from your injuries!
The vampire mosquito bites you.
The shadow slips into darkness.
The shadow flickers and vanishes!
Deactivating autopickup; reactivate with Ctrl-A.
You barely miss the vampire mosquito.
The vampire mosquito is lightly damaged.
The vampire mosquito bites you but does no damage.
The vampire mosquito misses you. You furiously retaliate!
You headbutt the vampire mosquito.
Xochipepe hits the vampire mosquito with a +0 quarterstaff!!
The vampire mosquito bites Xochipepe!
The vampire mosquito bites you but does no damage.
You catch the helpless vampire mosquito completely off-guard!
You hit the vampire mosquito but do no damage.
The vampire mosquito is almost destroyed.
The vampire mosquito bites you but does no damage.
The shadow strikes at you from the darkness!
You die...

#. #.#............ ..
#.##............## ..
#......)........# #####.
#.......#+##+##.#
.......##...............#
.........#.#.............#
.................#........#
........).yy..............##
..........R@................
...........{.#####........##
............## ...########
#..........# .........
#.$........# ........#
#.....................###
#.........#.###..........
#...[..........##..........
...#...#....##..............


You could see the friendly Xochipepe the battlemage and 2 vampire mosquitoes.

Vanquished Creatures
  2 two-headed ogres (D:10)
  A boulder beetle (D:7)
  A manticore (D:11)
  An unseen horror (D:13)
  2 tengu conjurers (D:13)
  A troll (D:8)
  2 yaks (D:11)
  4 vampire mosquitoes
  An acid dragon (D:7)
  A swamp drake (D:10)
  A water moccasin (D:8)
  An ice beast (D:5)
  2 sky beasts
  2 orc warriors
  An ogre (D:10)
  4 centaurs
  A wolf (D:8)
  2 bullfrogs (D:8)
  A kobold brigand (D:8)
  5 scorpions
  A howler monkey (D:11)
  An electric eel (D:8)
  4 hounds
  5 orc priests
  An iguana (D:6)
  Natasha (thrice) (D:3)
  6 orc wizards
  11 gnolls
  5 adders
  A shadow imp (D:5)
  2 white imps
  An ufetubus (D:5)
  2 worms (D:2)
  2 dart slugs
  40 orcs
  4 endoplasms
  3 giant cockroaches
  8 goblins
  9 hobgoblins
  4 jackals (D:4)
  10 kobolds
  5 quokkas
  12 ball pythons
  9 bats
  8 frilled lizards
  6 rats
199 creatures vanquished.

Vanquished Creatures (collateral kills)
  2 two-headed ogres
  A centaur warrior (D:11)
  2 trolls (D:9)
  Prince Ribbit (D:8)
  A shadow (D:10)
  A wraith (D:11)
  2 yaks (D:11)
  2 vampire mosquitoes
  A basilisk (D:13)
  A steam dragon (D:8)
  An acid dragon (D:12)
  An orc warrior (D:8)
  A sky beast (D:7)
  3 wolves (D:8)
  A centaur (D:11)
  A killer bee (D:11)
  An electric eel (D:8)
  A howler monkey (D:11)
  A lava snake (D:8)
  2 hounds
  3 orc priests
  4 orc wizards (D:10)
  8 orcs
  2 kobolds (D:8)
44 creatures vanquished.

Vanquished Creatures (others)
  6 battlemagi
6 creatures vanquished.

Grand Total: 249 creatures vanquished

Notes
Turn   | Place    | Note
-------+----------+-------------------------------------------
     0 | D:1      | Anon1729 the Minotaur Monk began the quest for the Orb.
     0 | D:1      | Reached XP level 1. HP: 19/19 MP: 0/0
   161 | D:1      | Reached XP level 2. HP: 27/27 MP: 1/1
   299 | D:1      | Reached skill level 1 in Armour
   320 | D:1      | Reached skill level 4 in Maces & Flails
   590 | D:1      | Reached XP level 3. HP: 33/33 MP: 2/2
  1014 | D:2      | Found Zoraame's Assorted Antiques.
  1041 | D:2      | Bought 2 bubbling grey potions for 39 gold pieces
  1041 | D:2      | Bought a scroll labelled KEXKUI FEIGE for 22 gold pieces
  1235 | D:2      | Reached XP level 4. HP: 40/40 MP: 3/3
  1877 | D:2      | Bought a fizzy sapphire potion for 19 gold pieces
  1944 | D:3      | Found an ancient bone altar of Kikubaaqudgha.
  1962 | D:3      | Found a shadowy altar of Dithmenos.
  2099 | D:4      | Noticed a scorpion
  2104 | D:4      | Killed a scorpion
  2105 | D:4      | Reached skill level 5 in Maces & Flails
  2105 | D:4      | Reached XP level 5. HP: 47/47 MP: 4/4
  2264 | D:4      | Found a glowing golden altar of the Shining One.
  2312 | D:4      | Reached skill level 5 in Fighting
  2312 | D:4      | Reached XP level 6. HP: 48/56 MP: 5/5
  2633 | D:4      | Identified the +0 cloak of Tugo {rF+ rN+ Dex-3}
  2769 | D:3      | Noticed Natasha
  2773 | D:3      | Killed Natasha
  2830 | D:3      | Noticed Natasha
  2841 | D:3      | Killed Natasha
  2842 | D:3      | Reached skill level 6 in Maces & Flails
  2888 | D:3      | Noticed Natasha
  2894 | D:3      | Killed Natasha
  3420 | D:5      | Entered Level 5 of the Dungeon
  3503 | D:5      | Reached XP level 7. HP: 60/61 MP: 6/6
  3515 | D:5      | Reached skill level 5 in Dodging
  3639 | D:5      | Reached skill level 7 in Maces & Flails
  3776 | D:5      | Found a sparkling altar of Nemelex Xobeh.
  4241 | D:6      | Reached XP level 8. HP: 70/70 MP: 7/7
  4303 | D:6      | Reached skill level 8 in Maces & Flails
  4348 | D:6      | Found an opulent altar of Gozag.
  4439 | D:6      | Found a hide-covered altar of Uskayaw.
  4598 | D:6      | Reached skill level 5 in Armour
  4805 | D:7      | Found a staircase to the Ecumenical Temple.
  4855 | Temple   | Entered the Ecumenical Temple
  5021 | Temple   | Became a worshipper of Hepliaklqana the Forgotten
  5021 | Temple   | Reached * piety under Hepliaklqana
  5021 | Temple   | Reached ** piety under Hepliaklqana
  5022 | Temple   | Remembered your ancestor Xochipepe as a battlemage
  5077 | D:7      | Noticed a boulder beetle
  5100 | D:7      | Reached skill level 9 in Maces & Flails
  5100 | D:7      | Reached skill level 1 in Invocations
  5117 | D:7      | Killed a boulder beetle
  5118 | D:7      | Reached XP level 9. HP: 48/71 MP: 7/10
  5428 | D:7      | Found a sacrificial altar of Ru.
  5561 | D:8      | Found a staircase to the Lair.
  5570 | D:8      | Noticed a troll
  5585 | D:8      | Reached skill level 10 in Maces & Flails
  6170 | D:8      | Noticed Prince Ribbit
  6185 | D:8      | Killed Prince Ribbit
  6506 | D:8      | Killed a troll
  6691 | D:9      | Noticed a troll
  6696 | D:9      | Killed a troll
  6697 | D:9      | Reached skill level 5 in Invocations
  6697 | D:9      | Reached XP level 10. HP: 71/79 MP: 12/12
  6859 | D:9      | Reached *** piety under Hepliaklqana
  6973 | D:9      | Noticed a two-headed ogre
  6981 | D:9      | Killed a two-headed ogre
  6982 | D:9      | Reached skill level 11 in Maces & Flails
  7440 | D:10     | Entered Level 10 of the Dungeon
  7440 | D:10     | Noticed a two-headed ogre
  7446 | D:10     | Killed a two-headed ogre
  7533 | D:10     | Found a staircase to the Orcish Mines.
  7543 | D:10     | Noticed a two-headed ogre
  7556 | D:10     | Killed a two-headed ogre
  7665 | D:10     | Found a blossoming altar of Fedhas.
  7722 | D:10     | Reached **** piety under Hepliaklqana
  7922 | D:10     | Reached skill level 12 in Maces & Flails
  8164 | D:10     | Found a bloodstained altar of Trog.
  8374 | D:11     | Noticed a manticore
  8518 | D:11     | Killed a manticore
  8519 | D:11     | Reached XP level 11. HP: 70/87 MP: 13/15
  8609 | D:11     | Noticed a two-headed ogre
  8614 | D:11     | Killed a two-headed ogre
  8748 | D:11     | Noticed a centaur warrior
  8756 | D:11     | Killed a centaur warrior
  9024 | D:11     | You fall into a shaft and drop 2 floors!
  9617 | D:13     | Noticed a tengu warrior
  9785 | D:12     | Slain by a shadow

Illustrated notes

Levels and vault maps discovered:
D:1:      dpeg_arrival_water_temple_mockup, layout_basic
D:2:      layout_basic, serial_shops, shop_statue, guppyfry_early_orc_mine
D:3:      layout_basic, mainiacjoe_overflow_boulevard, grunt_dithmenos_smoke,
          uniq_natasha
D:4:      layout_basic, mainiacjoe_overflow_tiny_flanked
D:5:      layout_rooms, mainiacjoe_overflow_alcove_4, solitary_fountain,
          amcnicky_mini_corridor_feature
D:6:      layout_gridville, eat_drink_and_be_merry_uskayaw, grunt_gozag_statues,
          grunt_ministairs_7
D:7:      layout_rooms, mainiacjoe_overflow_chevrons, temple_fountains,
          serial_glass, glass_columns_b, glass_columns_b, due_unseen_surprise,
          item_on_display_a, feat_on_display, minmay_small_thing
D:8:      layout_basic, erik_lair_island, minmay_misc_feat_diagonals,
          chequers_jeans, kennysheep_big_empty_room, uniq_prince_ribbit1
D:9:      layout_irregular_city
D:10:     layout_long_grid, kennysheep_mini, lemuel_blue_sif_altar,
          mainiacjoe_overflow_alcove_2, erik_orc_1
D:11:     layout_roguey, kennysheep_generic_room_15
D:12:     layout_basic, uniq_maurice
D:13:     layout_loops_corners
Temple:   chequers_temple_sunken

Skill      XL: |  1  2  3  4  5  6  7  8  9 10 11 |
---------------+----------------------------------+-----
Fighting       | 4 5 6 7 8 9 |  9.6
Armour         | 1 2 3 4 6 7 8 |  8.7
Maces & Flails | 4 5 6 7 9 10 12 | 12.8
Dodging        | 4 5 6 7 8 |  8.8
Invocations    | 2 5 6 7 |  7.9
Stealth        | |  1.6

Action                     |  1- 3 |  4- 6 |  7- 9 | 10-12 || total
---------------------------+-------+-------+-------+-------++-------
  Melee: Mace              |    88 |   138 |       |       ||   226
         Headbutt          |    13 |    28 |    38 |    24 ||   103
         Punch             |     1 |     1 |     3 |       ||     5
         Flail             |       |     7 |   193 |   136 ||   336
  Throw: Dart              |       |     1 |     2 |     3 ||     6
 Invoke: Ancestor Life: Ba |       |       |     1 |       ||     1
         Recall Ancestor   |       |       |     1 |     2 ||     3
         Transference      |       |       |       |     1 ||     1
  Evoke: Wand              |       |       |     2 |     3 ||     5
    Use: Potion            |       |       |     3 |     1 ||     4
         Scroll            |       |       |       |     6 ||     6
   Stab: Sleeping          |     2 |       |       |       ||     2
         Distracted        |       |       |       |     5 ||     5
 Armour: Robe              |     7 |       |       |       ||     7
         Chain mail        |    29 |   103 |   129 |   107 ||   368
  Dodge: Dodged            |    58 |    52 |   104 |    87 ||   301
  Block: Other             |       |       |       |    30 ||    30
         Reflection        |       |       |       |     1 ||     1

Table legend: (Time is in decaauts)
 A = Elapsed time spent in this place.
 B = Non-inter-level travel time spent in this place.
 C = Inter-level travel time spent in this place.
 D = Time resting spent in this place.
 E = Time spent auto-exploring this place.
 F = Levels seen in this place.
 G = Mean time per level.
                   A        B        C        D        E       F      G
               +--------+--------+--------+--------+--------+-----+--------+
         Total |   9873 |   9449 |    424 |    786 |   7109 |  14 |  705.2 |
       Dungeon |   9624 |   9224 |    400 |    786 |   6902 |  13 |  740.3 |
        Temple |    249 |    225 |     24 |      0 |    206 |   1 |  249.0 |
               +--------+--------+--------+--------+--------+-----+--------+

Top non-repeatable levels by time:
     D:2: 1069 daAuts
    D:10: 1057 daAuts
     D:8: 947 daAuts
     D:1: 840 daAuts
     D:3: 833 daAuts
     D:7: 764 daAuts
     D:4: 763 daAuts
     D:9: 746 daAuts
     D:6: 726 daAuts
    D:13: 625 daAuts
     D:5: 611 daAuts
    D:11: 517 daAuts
  Temple: 249 daAuts
    D:12: 123 daAuts
